[Event "Titled Tuesday Blitz November 01 Late 2022"]
[White "Korchmar, Vasiliy"]
[Black "Estrada Nieto, Julian"]
[WhiteFideId "24131750"]
[BlackFideId "5101018"]
[WhiteElo "2370"]
[BlackElo "2252"]
[Result "1-0"]
[Round "06"]
[TimeControl "180+1"]
[Date "2022.11.02"]
[WhiteClock "0:00:10"]
[BlackClock "0:00:08"]

1. e4 e5 2. Nf3 Nc6 3. Nc3 Nf6 4. h3 d5 5. exd5 Nxd5 6. Bb5 Nxc3 7. bxc3 Bd6 8. d4 exd4 9. O-O O-O 10. cxd4 Bf5 11. c4 Be4 12. Bb2 a6 13. Ba4 Na5 14. Nd2 Bd3 15. c5 Bxf1 16. Nxf1 Be7 17. Ne3 b5 18. Bc2 Bf6 19. Bd3 Nc6 20. Be4 Qd7 21. Qf3 Nxd4 22. Bxd4 Qxd4 23. Rd1 Qxc5 24. Bxa8 Bd4 25. Bd5 Bxe3 26. fxe3 Qe7 27. e4 g6 28. Qc3 c5 29. Rf1 b4 30. Qc4 Kg7 31. Qxa6 Qe5 32. Qa7 Qd4+ 33. Kh1 Kh6 34. Qe7 Kg7 35. Rxf7+ Rxf7 36. Qxf7+ Kh6 37. Qf8+ Kg5 38. Qe7+ Kh6 39. Qf8+ Kg5 40. Qf1 Qc3 41. Qd1 Kf6 42. Qf3+ Ke5 43. Qxc3+ bxc3 44. Bb3 Kd4 45. a4 c4 46. Bc2 Ke3 47. a5 Kd2 48. Ba4 c2 49. Bxc2 Kxc2 50. a6 Kd3 51. a7 c3 52. a8=Q c2 53. Qd5+ Ke2 54. Qc4+ Kd1 55. Qxc2+ Kxc2 56. e5 1-0


[Site "https://www.chess.com"]

[Event "Titled Tuesday Blitz November 01 Late 2022"]
[White "Krzywda, Andrzej"]
[Black "Danielyan, Vahe"]
[WhiteFideId "1114565"]
[BlackFideId "13304828"]
[WhiteElo "2149"]
[BlackElo "2421"]
[Result "0-1"]
[Round "06"]
[TimeControl "180+1"]
[Date "2022.11.02"]
[WhiteClock "0:00:09"]
[BlackClock "0:00:42"]

1. d4 g6 2. e4 Bg7 3. Nc3 c6 4. Nf3 d6 5. a4 Nf6 6. Be2 O-O 7. O-O a5 8. Re1 Na6 9. h3 Nb4 10. Be3 Be6 11. Ng5 Bd7 12. e5 dxe5 13. dxe5 Nfd5 14. Nxd5 Nxd5 15. Bd4 Bf5 16. g4 Bc8 17. Qd2 Qc7 18. f4 Rd8 19. Rad1 Nb4 20. Qc3 h6 21. Nxf7 Kxf7 22. e6+ Bxe6 23. Bxg7 Nd5 24. Qe5 Qxe5 25. Bxe5 Nb4 26. c3 Nd5 27. Bf3 Rd7 28. Rd2 Rad8 29. Red1 Nb6 30. Rxd7 Rxd7 31. Rxd7 Bxd7 32. b3 Be6 33. c4 Nd7 34. Bd4 c5 35. Be3 b6 36. Kf2 Nf6 37. Ke2 h5 38. f5 gxf5 39. gxh5 Nd7 40. Bf4 Kf6 41. Bc6 Ne5 42. Be8 Nf7 43. Bc7 Nd6 44. Bc6 Bf7 45. Bxb6 Bxh5+ 46. Ke3 e5 47. Bxa5 f4+ 48. Kf2 e4 49. Bd2 Ke5 50. a5 Kd4 51. a6 e3+ 52. Bxe3+ fxe3+ 53. Ke1 Nc8 54. h4 Na7 55. Bd7 Kc3 56. Be8 Bxe8 57. Ke2 Kxb3 58. Kxe3 Kxc4 59. Ke4 Kb3 60. Ke5 c4 61. Kd6 c3 0-1


[Site "https://www.chess.com"]

[Event "Titled Tuesday Blitz November 01 Late 2022"]
[White "Krzyzanowski, Marcin"]
[Black "Mladenovic, Stefan"]
[WhiteFideId "1132199"]
[BlackFideId "942227"]
[WhiteElo "2435"]
[BlackElo "2337"]
[Result "1/2-1/2"]
[Round "06"]
[TimeControl "180+1"]
[Date "2022.11.02"]
[WhiteClock "0:01:07"]
[BlackClock "0:00:09"]

1. d4 Nf6 2. Nc3 e6 3. e4 d5 4. e5 Nfd7 5. Nce2 c5 6. c3 Nc6 7. Nf3 b5 8. g3 b4 9. cxb4 cxd4 10. Nexd4 Bxb4+ 11. Bd2 Bxd2+ 12. Qxd2 Ncxe5 13. Nxe5 Nxe5 14. f4 Nd7 15. Bd3 O-O 16. O-O Nf6 17. Rac1 Qb6 18. Kh1 Bd7 19. Nf3 Rac8 20. Ne5 Rxc1 21. Rxc1 Rc8 22. Nxd7 Rxc1+ 23. Qxc1 Nxd7 24. Qc8+ Nf8 25. Qc2 Qe3 26. Kg2 g6 27. Qe2 Qxe2+ 28. Bxe2 Nd7 29. Kf3 Kf8 30. Ke3 Ke7 31. Kd4 Kd6 32. b4 f6 33. a4 e5+ 34. fxe5+ fxe5+ 35. Kc3 e4 36. Kd4 Nf8 37. a5 Ne6+ 38. Kc3 Ke5 39. b5 d4+ 40. Kc4 d3 41. Bg4 Nc7 42. b6 axb6 43. axb6 Na6 44. Bc8 Nb8 45. Kc3 Kd6 46. Bb7 Nc6 47. Ba8 Kc5 48. h4 Kxb6 49. g4 Kc5 50. h5 gxh5 51. gxh5 h6 52. Bb7 Kd6 53. Ba8 Kc7 54. Kd2 Kd7 55. Kc3 Kd6 56. Bb7 Kc5 57. Ba8 Kd6 58. Bb7 Ne5 59. Bxe4 Ke6 60. Bxd3 Kf6 61. Kd4 Nxd3 62. Kxd3 Kg5 63. Ke4 Kxh5 64. Kf3 Kh4 65. Kg2 Kg4 66. Kh2 h5 67. Kg2 h4 68. Kh2 h3 69. Kh1 Kh4 70. Kh2 Kg4 71. Kh1 Kg3 72. Kg1 h2+ 73. Kh1 Kh3 1/2-1/2


[Site "https://www.chess.com"]

[Event "Titled Tuesday Blitz November 01 Late 2022"]
[White "Ladan, Nicholas"]
[Black "Shapiro, Daniel"]
[WhiteFideId "30918855"]
[BlackFideId "2001780"]
[WhiteElo "2167"]
[BlackElo "2296"]
[Result "1-0"]
[Round "06"]
[TimeControl "180+1"]
[Date "2022.11.02"]
[WhiteClock "0:00:09"]
[BlackClock "0:00:01"]

1. Nf3 Nf6 2. d4 b6 3. Bg5 Ne4 4. Bf4 e6 5. Nbd2 Bd6 6. Nxe4 Bxf4 7. g3 Bh6 8. Bg2 Bb7 9. Ne5 d5 10. Nd2 g6 11. h4 Bg7 12. Ndf3 h6 13. Qd3 Ba6 14. Qa3 Qd6 15. Qa4+ c6 16. O-O Bxe2 17. Rfe1 Bb5 18. Qb3 O-O 19. a4 Ba6 20. Bh3 Re8 21. Re3 c5 22. c3 Nc6 23. Rae1 cxd4 24. cxd4 Na5 25. Qd1 Nc4 26. Nxc4 dxc4 27. Ne5 Bb7 28. Bg2 Bxg2 29. Kxg2 Rad8 30. Qf3 Bxe5 31. dxe5 Qd5 32. Re4 Rc8 33. Kh2 Red8 34. h5 gxh5 35. Qxh5 Kf8 36. Qxh6+ Ke7 37. Qf6+ 1-0


[Site "https://www.chess.com"]

[Event "Titled Tuesday Blitz November 01 Late 2022"]
[White "Lazavik, Denis"]
[Black "Gokerkan, Cem Kaan"]
[WhiteFideId "13515110"]
[BlackFideId "6336760"]
[WhiteElo "2437"]
[BlackElo "2365"]
[Result "1-0"]
[Round "06"]
[TimeControl "180+1"]
[Date "2022.11.01"]
[WhiteClock "0:01:22"]
[BlackClock "0:00:01"]

1. d4 Nf6 2. c4 e6 3. Nf3 b6 4. g3 Ba6 5. b3 Bb4+ 6. Bd2 c5 7. Bxb4 cxb4 8. Bg2 Bb7 9. O-O O-O 10. Nbd2 Qe7 11. Qc2 d5 12. Rfc1 Rc8 13. Qb2 a5 14. e3 Nbd7 15. Ne1 e5 16. Nd3 e4 17. Nf4 dxc4 18. bxc4 g5 19. Ne2 Rc7 20. a3 bxa3 21. Rxa3 Rac8 22. Nc3 h5 23. Nb5 Rc6 24. Na7 h4 25. Nxc8 Rxc8 26. c5 Rc6 27. cxb6 Rxb6 28. Rb3 Rxb3 29. Nxb3 Bd5 30. Nxa5 Qe6 31. Qc3 h3 32. Bf1 Qf5 33. Nc4 Ng4 34. Qe1 Bxc4 35. Rxc4 Ngf6 36. Rb4 g4 37. Rb5 Qe6 38. Qc3 Nh7 39. Qc8+ Kg7 40. Qd8 Ndf6 41. Re5 Qc6 42. Rc5 Qe6 43. Qc7 Kg6 44. Qf4 Qe7 45. Re5 Qd7 46. Ra5 Qc8 47. Ra6 Qd8 48. Qxg4+ Ng5 49. Bxh3 1-0


[Site "https://www.chess.com"]

[Event "Titled Tuesday Blitz November 01 Late 2022"]
[White "Leitao, Rafael"]
[Black "Ozdemir, Serhan Berat"]
[WhiteFideId "2101246"]
[BlackFideId "6374611"]
[WhiteElo "2609"]
[BlackElo "2016"]
[Result "1-0"]
[Round "06"]
[TimeControl "180+1"]
[Date "2022.11.02"]
[WhiteClock "0:00:09"]
[BlackClock "0:00:01"]

1. c4 Nf6 2. Nc3 g6 3. g3 Bg7 4. Bg2 O-O 5. d4 d6 6. Nf3 c6 7. O-O Qa5 8. e4 e5 9. h3 Nbd7 10. d5 cxd5 11. cxd5 b5 12. Re1 b4 13. Na4 Ba6 14. a3 bxa3 15. Rxa3 Rfc8 16. Nc3 Qb6 17. Be3 Qb7 18. Qa4 Bc4 19. Nd2 Nb6 20. Qb4 Bd3 21. Rea1 Nfd7 22. Bf1 Bxf1 23. Kxf1 Nc5 24. Nb5 a5 25. Rxa5 Rxa5 26. Rxa5 Nbd7 27. Qa3 Bf8 28. f3 f5 29. Nc4 fxe4 30. Nbxd6 Bxd6 31. Nxd6 Qb6 32. Nxc8 Qf6 33. Bxc5 exf3 34. Bf2 Qf5 35. Ne7+ 1-0


[Site "https://www.chess.com"]

[Event "Titled Tuesday Blitz November 01 Late 2022"]
[White "Leiva, Gianmarco"]
[Black "Sjugirov, Sanan"]
[WhiteFideId "3804399"]
[BlackFideId "4189302"]
[WhiteElo "2285"]
[BlackElo "2609"]
[Result "0-1"]
[Round "06"]
[TimeControl "180+1"]
[Date "2022.11.01"]
[WhiteClock "0:00:01"]
[BlackClock "0:01:13"]

1. e4 c5 2. Nf3 e6 3. d3 Nc6 4. g3 Nf6 5. Bg2 d5 6. Nbd2 Be7 7. O-O Qc7 8. Re1 dxe4 9. dxe4 e5 10. c3 O-O 11. Qc2 Be6 12. Ng5 Bd7 13. Nc4 h6 14. Nf3 Be6 15. Ne3 Rad8 16. Nf5 Rfe8 17. Nxe7+ Qxe7 18. Nh4 Qc7 19. Be3 b6 20. h3 Na5 21. b3 Nc6 22. Rad1 Ne7 23. Kh2 Nc8 24. Rxd8 Rxd8 25. Rd1 Rxd1 26. Qxd1 Nd6 27. Qc2 Qd7 28. g4 Qd8 29. Nf5 Nxf5 30. gxf5 Bc8 31. f3 Ne8 32. Bf1 Qe7 33. Qd2 Nd6 34. Bf2 Kh7 35. Bg3 Bd7 36. Qd5 f6 37. Bf2 Be8 38. h4 Bf7 39. Qd2 a5 40. Bh3 a4 41. bxa4 Nc4 42. Qc2 Qd7 43. Bf1 Na5 44. Bb5 Qd8 45. Kg3 Bc4 46. Kg2 Qg8 47. Kh2 Bxa2 48. Be3 Bc4 49. Qg2 Bf7 50. Qd2 Be8 51. Qd6 Bxb5 52. Qxb6 Nc4 53. Qxc5 Bxa4 54. Bxh6 Kxh6 55. Qe3+ Nxe3 0-1


[Site "https://www.chess.com"]

[Event "Titled Tuesday Blitz November 01 Late 2022"]
[White "Lopez Del Alamo, Antonio"]
[Black "Krishnan, Varun"]
[WhiteFideId "2227339"]
[BlackFideId "5054508"]
[WhiteElo "2175"]
[BlackElo "2489"]
[Result "0-1"]
[Round "06"]
[TimeControl "180+1"]
[Date "2022.11.02"]
[WhiteClock "0:00:02"]
[BlackClock "0:01:11"]

1. e4 g6 2. d4 Bg7 3. Nc3 d6 4. Be3 a6 5. h4 h5 6. Qd2 b5 7. a3 Bb7 8. Nh3 Nf6 9. Ng5 Ng4 10. f3 Nxe3 11. Qxe3 Nd7 12. O-O-O c5 13. dxc5 dxc5 14. Nd5 Bxd5 15. Rxd5 e6 16. Rd1 Qf6 17. c3 b4 18. f4 bxa3 19. e5 axb2+ 20. Kb1 Qd8 21. Bd3 Qa5 0-1


[Site "https://www.chess.com"]

[Event "Titled Tuesday Blitz November 01 Late 2022"]
[White "Luxama, Jacques Muller"]
[Black "Prydun, Andriy"]
[WhiteFideId "11900113"]
[BlackFideId "14145898"]
[WhiteElo "1931"]
[BlackElo "2163"]
[Result "1-0"]
[Round "06"]
[TimeControl "180+1"]
[Date "2022.11.02"]
[WhiteClock "0:01:26"]
[BlackClock "0:00:39"]

1. d4 Nf6 2. c4 c5 3. dxc5 e6 4. e3 Bxc5 5. Nf3 O-O 6. Be2 d5 7. O-O Nc6 8. cxd5 exd5 9. b3 d4 10. exd4 Nxd4 11. Bb2 Nxe2+ 12. Qxe2 Bg4 13. Nbd2 Qb6 14. h3 Bh5 15. Qc4 Rac8 16. Qa4 Rfe8 17. Qh4 Bg6 18. Nc4 Qa6 19. Nfe5 b5 20. Nd2 Rcd8 21. Ndf3 Qb6 22. a3 Be4 23. b4 Be7 24. Rfe1 Nd5 25. Qxe4 Bf6 26. Rad1 Ne7 27. Rxd8 Rxd8 28. Nxf7 Kxf7 29. Bxf6 Qxf6 30. Ne5+ Kg8 31. Ng4 1-0


[Site "https://www.chess.com"]

[Event "Titled Tuesday Blitz November 01 Late 2022"]
[White "Mahdavi, Reza"]
[Black "Gubajdullin, Alexei"]
[WhiteFideId "12595926"]
[BlackFideId "4141202"]
[WhiteElo "2240"]
[BlackElo "2200"]
[Result "1-0"]
[Round "06"]
[TimeControl "180+1"]
[Date "2022.11.02"]
[WhiteClock "0:00:45"]
[BlackClock "0:00:03"]

1. e4 g6 2. d4 Bg7 3. Nc3 d6 4. f4 c6 5. Nf3 Qb6 6. Rb1 Bg4 7. Be3 Bxf3 8. gxf3 e6 9. Qd2 d5 10. f5 exf5 11. exd5 Nf6 12. dxc6 bxc6 13. Bc4 O-O 14. O-O Qd8 15. d5 cxd5 16. Nxd5 Nc6 17. Rbd1 Ne5 18. Bb3 Nh5 19. Bg5 Qb8 20. Ne7+ Kh8 21. Bd5 Qb6+ 22. Be3 Qf6 23. Bxa8 Qxe7 24. Bd5 Rd8 25. Qf2 f4 26. Bxa7 Ng3 27. Rfe1 Nf5 28. Bc5 Qg5+ 29. Qg2 Qh5 30. Be4 Rxd1 31. Rxd1 Bf6 32. Bf2 Nh4 33. Bxh4 Qxh4 34. a4 Nc4 35. Qg4 Qh6 36. Qc8+ Kg7 37. Qxc4 Qg5+ 38. Kh1 Bxb2 39. c3 Qh4 40. Qd4+ Kh6 41. a5 Qh3 42. a6 Qc8 43. a7 Bxc3 44. a8=Q Qc7 45. Qf8+ Kh5 46. Qdc5+ 1-0


[Site "https://www.chess.com"]

[Event "Titled Tuesday Blitz November 01 Late 2022"]
[White "Maksimovic, Bojan"]
[Black "Pakleza, Zbigniew"]
[WhiteFideId "14408120"]
[BlackFideId "1119290"]
[WhiteElo "2447"]
[BlackElo "2411"]
[Result "0-1"]
[Round "06"]
[TimeControl "180+1"]
[Date "2022.11.01"]
[WhiteClock "0:00:01"]
[BlackClock "0:00:07"]

1. e4 d6 2. d4 Nf6 3. Nc3 c6 4. Nf3 Bg4 5. Be2 e6 6. O-O d5 7. e5 Nfd7 8. Ng5 Bxe2 9. Qxe2 g6 10. Qf3 Qe7 11. Nce4 dxe4 12. Nxe4 Qb4 13. c3 Qb6 14. Ng5 Nxe5 15. dxe5 Qc7 16. Ne4 Nd7 17. Bf4 O-O-O 18. Rad1 Be7 19. Nd6+ Bxd6 20. exd6 Qb6 21. Bg5 f6 22. Be3 Qxb2 23. Qe4 e5 24. Qa4 Qb5 25. Qxa7 Qa6 26. Qxa6 bxa6 27. Rb1 Nb8 28. Ba7 Nd7 29. Rb4 a5 30. Rb3 e4 31. Rfb1 Rhe8 32. c4 Ne5 33. c5 Kd7 34. Bb6 Ra8 35. Bxa5 Rxa5 36. Rb7+ Ke6 37. Rc1 Nd3 38. Rd1 Rxc5 39. Rxh7 Kxd6 40. Rh6 Rc1 41. Rxc1 Nxc1 42. Rxg6 Ke5 43. g4 c5 44. g5 fxg5 45. Rxg5+ Kd4 46. h4 Nd3 47. h5 c4 48. Rg7 Rc8 49. Rd7+ Ke5 50. Re7+ Kf5 51. Rf7+ Kg5 52. Rg7+ Kxh5 0-1


[Site "https://www.chess.com"]

[Event "Titled Tuesday Blitz November 01 Late 2022"]
[White "Marcolino, Daniel Mattos"]
[Black "Zanette, Edgard Vinicius"]
[WhiteFideId "2106841"]
[BlackFideId "2109263"]
[WhiteElo "2069"]
[BlackElo "2236"]
[Result "0-1"]
[Round "06"]
[TimeControl "180+1"]
[Date "2022.11.02"]
[WhiteClock "0:00:09"]
[BlackClock "0:00:22"]

1. d4 Nf6 2. Nf3 e6 3. g3 c5 4. Bg2 d5 5. O-O Nc6 6. c4 Be7 7. cxd5 exd5 8. dxc5 Bxc5 9. a3 O-O 10. b4 Bb6 11. Nc3 a6 12. Bb2 h6 13. Na4 Ba7 14. Rc1 Ne4 15. e3 Bg4 16. Qb3 f6 17. Nd4 Nxd4 18. Bxd4 Bxd4 19. exd4 Nd2 20. Qxd5+ Kh8 21. Rfe1 Qxd5 22. Bxd5 Rad8 23. Bxb7 Bf3 24. Rc7 Bxb7 25. Rxb7 Nf3+ 26. Kf1 Nxe1 27. Kxe1 Rxd4 28. Nc5 Rd6 29. Ra7 Re8+ 30. Kf1 Rd1+ 31. Kg2 Rd2 32. Rxa6 Ree2 33. b5 Rxf2+ 34. Kh3 h5 35. g4 Rf3+ 0-1


[Site "https://www.chess.com"]

[Event "Titled Tuesday Blitz November 01 Late 2022"]
[White "Martinez Alcantara, Jose Eduardo"]
[Black "Ivic, Velimir"]
[WhiteFideId "3805662"]
[BlackFideId "950122"]
[WhiteElo "2703"]
[BlackElo "2625"]
[Result "1-0"]
[Round "06"]
[TimeControl "180+1"]
[Date "2022.11.01"]
[WhiteClock "0:00:20"]
[BlackClock "0:00:05"]

1. e4 c5 2. Nf3 Nc6 3. c3 Nf6 4. Bd3 d5 5. e5 Nd7 6. Bb5 e6 7. d4 a6 8. Ba4 Be7 9. O-O b5 10. Bc2 Bb7 11. Re1 Rc8 12. a3 Qb6 13. Be3 a5 14. Nbd2 b4 15. axb4 axb4 16. Nf1 Na5 17. Ng3 Nc4 18. Bc1 g6 19. b3 Na5 20. cxb4 cxb4 21. Bd2 Ba6 22. h4 h6 23. Qb1 Bb5 24. Ne2 Nb8 25. Bd3 Nbc6 26. Be3 Kd7 27. Rd1 Na7 28. Qa2 N5c6 29. Nc1 g5 30. hxg5 hxg5 31. g4 Rh3 32. Kg2 Rch8 33. Qe2 f6 34. Rd2 f5 35. gxf5 g4 36. fxe6+ Kc8 37. Ng1 Rh2+ 38. Kf1 g3 39. Rc2 g2+ 40. Ke1 Rh1 41. f3 Rg8 42. Rxa7 Kb8 43. Rxe7 Nxd4 44. Qf2 Nxf3+ 45. Kd1 Qxe3 46. Qxe3 Rxg1+ 47. Qxg1 Nxg1 48. Bxb5 Ne2 49. Nxe2 1-0


[Site "https://www.chess.com"]

[Event "Titled Tuesday Blitz November 01 Late 2022"]
[White "McConnell, Griffin"]
[Black "Poliakova, Varvara"]
[WhiteFideId "30942551"]
[BlackFideId "13518313"]
[WhiteElo "2332"]
[BlackElo "1938"]
[Result "0-1"]
[Round "06"]
[TimeControl "180+1"]
[Date "2022.11.02"]
[WhiteClock "0:00:01"]
[BlackClock "0:00:18"]

1. e4 e5 2. Nf3 f5 3. Nxe5 Qf6 4. d4 d6 5. Nc4 fxe4 6. Nc3 Bf5 7. Be3 Nd7 8. Nd5 Qd8 9. c3 Ngf6 10. Nf4 d5 11. Na5 Rb8 12. b4 Bd6 13. Be2 c6 14. Nb3 b6 15. h3 O-O 16. Qd2 b5 17. g4 Bg6 18. Ne6 Qe7 19. Nxf8 Rxf8 20. Nc5 Nb6 21. a4 Bxc5 22. dxc5 Nc4 23. Bxc4 bxc4 24. b5 Qb7 25. O-O Nd7 26. Rfd1 Bf7 27. Qb2 Ne5 28. b6 Nf3+ 29. Kf1 Qb8 30. Ke2 h5 31. Rab1 hxg4 32. hxg4 Ne5 33. g5 Bh5+ 34. Kd2 Bxd1 35. Rxd1 Nd3 36. Qa3 Nxf2 37. Rf1 Qh2 38. bxa7 Nd3+ 39. Bf2 e3+ 40. Kc2 Rxf2+ 41. Rxf2 Qxf2+ 42. Kb1 e2 43. a8=Q+ Kh7 44. g6+ Kh6 45. Qh8+ Kg5 46. Qd8+ Kg4 47. Qd7+ Kg3 0-1


[Site "https://www.chess.com"]

[Event "Titled Tuesday Blitz November 01 Late 2022"]
[White "Mickiewicz, Piotr"]
[Black "Kamsky, Gata"]
[WhiteFideId "1114891"]
[BlackFideId "2000024"]
[WhiteElo "2246"]
[BlackElo "2666"]
[Result "0-1"]
[Round "06"]
[TimeControl "180+1"]
[Date "2022.11.02"]
[WhiteClock "0:00:17"]
[BlackClock "0:01:57"]

1. e4 e5 2. Nf3 Nc6 3. Bb5 Nf6 4. d3 d6 5. O-O Bd7 6. c3 g6 7. Nbd2 Bg7 8. Re1 O-O 9. Nf1 Nh5 10. Ne3 Qe8 11. Nd5 Rc8 12. Bg5 Kh8 13. Qd2 f5 14. Nh4 f4 15. Qd1 a6 16. Bxc6 bxc6 17. Ne7 Rb8 18. g4 Nf6 19. Nexg6+ hxg6 20. f3 Nh7 0-1


[Site "https://www.chess.com"]

[Event "Titled Tuesday Blitz November 01 Late 2022"]
[White "Miszler, Levente"]
[Black "Velikanov, Alexander"]
[WhiteFideId "763276"]
[BlackFideId "2039290"]
[WhiteElo "2176"]
[BlackElo "2259"]
[Result "0-1"]
[Round "06"]
[TimeControl "180+1"]
[Date "2022.11.02"]
[WhiteClock "0:00:43"]
[BlackClock "0:00:04"]

1. c4 Nf6 2. Nc3 g6 3. e4 Bg7 4. d3 O-O 5. Be3 c6 6. h3 d5 7. e5 d4 8. exf6 Bxf6 9. Ne4 dxe3 10. Nxf6+ exf6 11. fxe3 Re8 12. Qd2 Qb6 13. O-O-O Qxe3 14. Nf3 Na6 15. Qxe3 Rxe3 16. Kd2 Re7 17. Be2 Bd7 18. Rhe1 Rae8 19. a3 Nc5 20. Nd4 f5 21. b4 Ne6 22. Nxe6 fxe6 23. Bf3 e5 24. Kc3 Kf7 25. a4 Kf6 26. a5 h5 27. a6 b6 28. Re2 Re6 29. Rde1 R8e7 30. Rf2 Kg5 31. Bd1 Bc8 32. b5 cxb5 33. cxb5 Bd7 34. Bb3 Rd6 35. Bc4 e4 36. dxe4 Rxe4 37. Rxe4 fxe4 38. g3 Bxh3 39. Rf7 Rd7 40. Rf4 Re7 41. Kd4 e3 42. Re4 Rxe4+ 43. Kxe4 Kg4 44. Kxe3 Kxg3 45. Bf7 Bf5 46. Kd4 h4 47. Ke5 h3 48. Bd5 h2 49. Kd6 Bh3 50. Kc7 Bg2 51. Bb7 h1=Q 52. Kb8 Qb1 53. Kxa7 Qxb5 54. Kb8 Bxb7 55. axb7 Qd7 56. Ka8 Qxb7+ 57. Kxb7 b5 0-1


[Site "https://www.chess.com"]

[Event "Titled Tuesday Blitz November 01 Late 2022"]
[White "Moreno Perez, Tobias Sebastian"]
[Black "Gallegos Diaz, Carlos Alberto"]
[WhiteFideId "186716"]
[BlackFideId "3900886"]
[WhiteElo "2533"]
[BlackElo "2362"]
[Result "0-1"]
[Round "06"]
[TimeControl "180+1"]
[Date "2022.11.02"]
[WhiteClock "0:00:01"]
[BlackClock "0:00:07"]

1. Nf3 d6 2. b3 e5 3. e3 Nf6 4. Bb2 Be7 5. d4 e4 6. Nfd2 d5 7. Be2 O-O 8. g4 c6 9. c4 Be6 10. Nc3 a6 11. h4 b5 12. cxd5 cxd5 13. Rc1 Nbd7 14. g5 Ne8 15. Bg4 Nd6 16. Bxe6 fxe6 17. Ne2 Qa5 18. a3 Rfc8 19. Nf4 Nf8 20. b4 Rxc1 21. Qxc1 Qb6 22. Nb3 Nc4 23. Nc5 a5 24. Bc3 axb4 25. Bxb4 Qc6 26. O-O e5 27. Ne2 Bxc5 28. Bxc5 Ne6 29. Bb4 exd4 30. exd4 Qe8 31. Ng3 Qf7 32. Qd1 Nf4 33. Qg4 g6 34. Kh2 Nd3 35. f3 Nxb4 36. axb4 Ra2+ 37. Kh3 Ne3 38. Qc8+ Qf8 39. Qxf8+ Kxf8 40. Re1 Nc2 41. Re2 Nxb4 42. Rxa2 Nxa2 43. fxe4 b4 44. exd5 b3 0-1


[Site "https://www.chess.com"]

[Event "Titled Tuesday Blitz November 01 Late 2022"]
[White "Munoz Sanchez, Miguel"]
[Black "Ismayil, Malak"]
[WhiteFideId "3600734"]
[BlackFideId "13412604"]
[WhiteElo "2166"]
[BlackElo "1879"]
[Result "1-0"]
[Round "06"]
[TimeControl "180+1"]
[Date "2022.11.02"]
[WhiteClock "0:00:23"]
[BlackClock "0:00:03"]

1. d4 Nf6 2. Nf3 g6 3. g3 Bg7 4. Bg2 O-O 5. O-O d6 6. c4 Re8 7. Nc3 Nc6 8. d5 Nb8 9. e4 a5 10. h3 Na6 11. Be3 b6 12. b3 e6 13. dxe6 Bxe6 14. e5 Nd7 15. Rc1 dxe5 16. Ng5 Rb8 17. Nxe6 Rxe6 18. Qd2 Rd6 19. Qe2 Ndc5 20. Nb5 Rd7 21. Rfd1 Ne6 22. Bc6 Rxd1+ 23. Rxd1 Nd4 24. Bxd4 exd4 25. Qf3 Nc5 26. Bd5 d3 27. Qxf7+ Kh8 28. Nxc7 Qf8 29. Qxf8+ Rxf8 30. Ne6 Nxe6 31. Bxe6 Bd4 32. Rxd3 Bxf2+ 33. Kg2 Bc5 34. Rd2 Bb4 35. Rf2 Rxf2+ 36. Kxf2 Kg7 37. Ke3 Bc5+ 38. Ke4 Kf6 39. Bg8 h6 40. h4 Bf2 41. Kf3 Bc5 42. g4 Ke5 43. Bd5 g5 44. h5 Kd4 45. Bc6 Kd3 46. Bb5 Bd6 47. Bd7 Bc5 48. Bf5+ Kd4 49. Bb1 Bb4 50. Bf5 Bc5 51. Bg6 Bb4 52. Ke2 Bd6 53. Kd2 Bb4+ 54. Kc2 Ba3 55. Bf7 Ke4 56. Kc3 Kf4 57. Be6 Ke5 58. Bc8 Ke4 59. c5 Bxc5 60. Kc4 Ke5 61. Kb5 Kd4 62. Kc6 Ke5 63. Kd7 Kf6 64. Ke8 Bb4 65. Bf5 Bc5 66. Kd7 Bb4 67. Kc6 Bc5 68. Kb5 Ke5 69. Ka4 Kd4 70. a3 Kc3 71. Be6 Bd6 72. Kb5 Bc5 73. Kc6 Kd4 74. Kb5 Kc3 75. Bf7 Kd4 76. b4 axb4 77. axb4 Be7 78. Be6 Kc3 79. Kxb6 Bxb4 80. Kc6 Kd4 81. Kd7 Ke5 82. Bf5 Kf6 83. Kc6 Bd2 84. Kd5 Bf4 85. Ke4 Bb8 86. Kd5 Bf4 87. Kc6 Bb8 88. Kd7 Bf4 89. Ke8 Be5 90. Kf8 Bd6+ 91. Kg8 Bc5 92. Bd3 Bb4 93. Kh8 Bf8 94. Kg8 Bd6 95. Kh7 Bf8 96. Kg8 Bd6 97. Bc2 Bc5 98. Bb3 Bd6 99. Bd5 Bc5 100. Be4 Be7 101. Bf5 Bc5 102. Kh7 Bf8 103. Kg8 Bd6 104. Kh8 Bf8 105. Kh7 Kf7 106. Bg6+ Kf6 107. Be8 Ke7 108. Bb5 Kf6 109. Bd3 Kf7 110. Be4 Kf6 111. Kg8 Bd6 112. Kh7 Bf8 113. Bc2 Kf7 114. Bb3+ Kf6 115. Kh8 Ke7 116. Kg8 Ke8 117. Bf7+ Ke7 118. Bg6 1-0


[Site "https://www.chess.com"]

[Event "Titled Tuesday Blitz November 01 Late 2022"]
[White "Muradli, Mahammad"]
[Black "Shipov, Sergei"]
[WhiteFideId "13409301"]
[BlackFideId "4113624"]
[WhiteElo "2611"]
[BlackElo "2778"]
[Result "1-0"]
[Round "06"]
[TimeControl "180+1"]
[Date "2022.11.01"]
[WhiteClock "0:01:35"]
[BlackClock "0:01:57"]

1. Nf3 d5 2. g3 c6 3. Bg2 Bg4 4. O-O Nd7 5. d3 e5 6. c4 dxc4 7. dxc4 h6 8. Nc3 Ngf6 9. Qc2 Be7 10. Rd1 Qc7 11. b3 O-O 12. Bb2 a5 13. Nh4 Rfe8 14. Nf5 Bf8 15. Bf3 Bh3 16. Ne4 Nxe4 17. Bxe4 a4 18. Rd2 Nc5 19. Bg2 axb3 20. axb3 Rxa1+ 21. Bxa1 Bxf5 22. Qxf5 Nxb3 23. Rd7 Qc8 24. Be4 1-0


[Site "https://www.chess.com"]

[Event "Titled Tuesday Blitz November 01 Late 2022"]
[White "O`Gorman, Tom"]
[Black "Heinemann, Josefine"]
[WhiteFideId "2508249"]
[BlackFideId "12900460"]
[WhiteElo "2271"]
[BlackElo "2300"]
[Result "0-1"]
[Round "06"]
[TimeControl "180+1"]
[Date "2022.11.02"]
[WhiteClock "0:00:58"]
[BlackClock "0:01:01"]

1. e4 c6 2. Nf3 d5 3. d3 dxe4 4. dxe4 Qxd1+ 5. Kxd1 Nd7 6. Nfd2 f5 7. exf5 Nh6 8. c3 Nc5 9. b4 Na4 10. Bd3 Bxf5 11. Bxf5 Nxf5 12. Kc2 O-O-O 13. Nc4 Nb6 14. Nbd2 e6 15. Re1 Be7 16. Rxe6 Bf6 17. Nxb6+ axb6 18. Nc4 Kc7 19. Bf4+ Kd7 20. Rae1 Rde8 21. Nxb6+ Kd8 22. Rd1+ Nd4+ 23. Rxd4+ Bxd4 24. Rxe8+ Rxe8 25. cxd4 Re2+ 26. Kb3 Rxf2 27. Nc4 Rxf4 28. Nd6 Kc7 29. Ne8+ Kb6 30. Nxg7 Rg4 31. Nf5 Rxg2 32. h4 Rf2 33. Ne3 Rf4 34. d5 Rxh4 35. d6 Rd4 36. Nc4+ Ka7 37. Kc3 Rd5 38. a4 h5 39. a5 h4 40. Nb6 Rd1 41. Kc2 h3 42. Kxd1 h2 43. d7 h1=Q+ 44. Kc2 Qe4+ 45. Kb3 Qd3+ 46. Ka4 Kb8 47. a6 bxa6 48. Ka5 Qb5# 0-1


[Site "https://www.chess.com"]

[Event "Titled Tuesday Blitz November 01 Late 2022"]
[White "Pace, Christopher"]
[Black "Muhammad, Shahzeb"]
[WhiteFideId "2610167"]
[BlackFideId "7804806"]
[WhiteElo "2283"]
[BlackElo "2402"]
[Result "1-0"]
[Round "06"]
[TimeControl "180+1"]
[Date "2022.11.02"]
[WhiteClock "0:00:40"]
[BlackClock "0:00:06"]

1. b3 d5 2. Bb2 Nf6 3. e3 e6 4. f4 Be7 5. Nf3 O-O 6. Bd3 c5 7. O-O a6 8. Ne5 b5 9. c4 b4 10. Qf3 Bb7 11. Qh3 g6 12. Qh6 Nbd7 13. Nxg6 fxg6 14. Bxg6 d4 15. exd4 Rf7 16. Bxf7+ Kxf7 17. f5 exf5 18. d5 Qf8 19. Qe3 Qg7 20. Qe6+ Kf8 21. Rxf5 Re8 22. Qxd7 Kg8 23. Bxf6 Qg6 24. Rg5 1-0


[Site "https://www.chess.com"]

[Event "Titled Tuesday Blitz November 01 Late 2022"]
[White "Pap, Gyula"]
[Black "Djordjevic, Vuk"]
[WhiteFideId "725323"]
[BlackFideId "902098"]
[WhiteElo "2519"]
[BlackElo "2456"]
[Result "1-0"]
[Round "06"]
[TimeControl "180+1"]
[Date "2022.11.01"]
[WhiteClock "0:00:24"]
[BlackClock "0:00:05"]

1. d4 Nf6 2. c4 e6 3. Nc3 Bb4 4. Qb3 c5 5. dxc5 Na6 6. a3 Bxc3+ 7. Qxc3 Nxc5 8. b4 Nce4 9. Qb2 d5 10. c5 h6 11. f3 Ng5 12. h4 Ngh7 13. Bf4 Bd7 14. e3 Ba4 15. Ne2 Bb5 16. Bd6 Qd7 17. Nd4 Bxf1 18. Kxf1 Nf8 19. h5 N8h7 20. a4 Ng8 21. Nb5 f6 22. Nc7+ Kf7 23. Nxa8 Ne7 24. Nc7 a6 25. b5 Nf5 26. b6 Nxe3+ 27. Kf2 Nc4 28. Qc2 f5 29. Qd3 Ng5 30. Rhe1 Nxd6 31. cxd6 Qxd6 32. a5 d4 33. Nxe6 Nxe6 34. Qxf5+ Ke7 35. Rxe6+ Qxe6 36. Re1 Qxe1+ 37. Kxe1 1-0


[Site "https://www.chess.com"]